 Dungeon Crawl Stone Soup version 0.30-a0-335-ge5acde7520 (webtiles) character file.

Game seed: 13397418130278646717

46 Muataran the Trooper (level 3, -2/33 HPs)
             Began as a Hill Orc Fighter on Oct 31, 2022.
             Slain by Ijyb
             ... wielding a +7 club
              (4 damage)
             ... on level 3 of the Dungeon.
             The game lasted 00:01:48 (913 turns).

Muataran the Trooper (Hill Orc Fighter)              Turns: 913, Time: 00:01:49

Health: -2/33      AC:  6    Str: 18    XL:     3   Next: 66%
Magic:  3/3        EV:  9    Int: 10    God:
Gold:   49         SH:  4    Dex: 10    Spells: 2/2 levels left

rFire   . . .      SeeInvis .    a - +0 war axe
rCold   . . .      Faith    .    c - +0 buckler
rNeg    . . .      Spirit   .    b - +0 scale mail
rPois   .          Reflect  .    (no helmet)
rElec   .          Harm     .    (no cloak)
rCorr   .          Rampage  .    (no gloves)
Will    .....                    (no boots)
Stlth   ..........               (no amulet)
HPRegen 0.25/turn                (no ring)
MPRegen 0.08/turn                (no ring)

@: no status effects
A: no striking features
a: no special abilities


You were on level 3 of the Dungeon.
You visited 1 branch of the dungeon, and saw 3 of its levels.

You collected 49 gold pieces.

Inventory:

Hand Weapons
 a - a +0 war axe (weapon)
 h - a +2 hand axe of flaming
Armour
 b - a +0 scale mail (worn)
 c - a +0 buckler (worn)
Jewellery
 n - a +6 ring of dexterity
Wands
 l - a wand of light (8)
Scrolls
 f - a scroll of identify {unknown}
 g - a scroll of torment {unknown}
Potions
 d - a potion of might
 e - 2 potions of curing {unknown}
 i - a potion of degeneration {unknown}
 j - a potion of magic {unknown}
 k - a potion of heal wounds {unknown}
 m - a potion of berserk rage {unknown}


   Skills:
 + Level 4.0 Fighting
 * Level 3.7 Axes
 + Level 3.6 Armour
 * Level 3.9 Shields


You had 2 spell levels left.
You didn't know any spells.
Your spell library was empty.

Dungeon Overview and Level Annotations

Branches:
Dungeon (3/15)

Altars:

Annotations:
D:3 Ijyb


Message History

No target in view!
No target in view!
Found a leather armour.
An adder comes into view.
The adder hisses angrily.
Ijyb the Twisted Goblin comes into view.
She is wielding a +7 club and carrying a wand of paralysis (5).
Ijyb shouts!
Ijyb screams, "Get away!"
The adder bites you but does no damage.
You miss the adder. The adder barely misses you.
Ijyb screams, "Me stronger than you!" The adder barely misses you.
You miss the adder.
An iguana comes into view.
The adder barely misses you. x2
You barely miss the adder.
The iguana hisses angrily.
You block the adder's attack.
Ijyb screams, "No!
No, no, no, no!"
You closely miss Ijyb. You hit the adder. The adder bites you.
You are poisoned.
The adder poisons you! Ijyb hits you with a +7 club.
The adder barely misses you. You block Ijyb's attack.
You closely miss the adder.
The adder is moderately wounded.
You barely miss Ijyb.
You feel sick. The adder barely misses you. x2
Ijyb hits you with a +7 club!
You closely miss the adder.
The adder is moderately wounded.
You barely miss Ijyb.
You feel sick. The adder bites you but does no damage.
Ijyb hits you with a +7 club. The adder bites you but does no damage.
You are too injured to fight recklessly!
The adder attacks as you move away! The adder barely misses you.
You feel sick.
You are no longer poisoned.
Ijyb attacks as you move away! Ijyb hits you with a +7 club.
* * * LOW HITPOINT WARNING * * *
Ijyb attacks as you move away! Ijyb hits you with a +7 club!
* * * LOW HITPOINT WARNING * * *
Ijyb attacks as you move away! Ijyb hits you with a +7 club.
You die...

.....#.#.#.#.#######.#
#..#.#.##.##.# #.#
#..#.#.......# #.# ##
..#.#.####### #.##.# ...#.#
##.#... #..#.# ######.#†...
#..#.# #.....###..#
#..###lS#.#######.####.#.###
#.......#lg@......# ##†##
....###.S.########### #.###
....$...####........# #..)##
#.#.###[# #.######.# ####.#
#.# #.# #.# #.# #.# ##.###
#.######.# #.#
#....####........# #.#
#..#.#...#######.# ###.
#................#


You could see Ijyb, an iguana and an adder.

Vanquished Creatures
  Natasha (D:3)
  3 bats
  5 endoplasms
  A hobgoblin (D:1)
  3 ball pythons (D:1)
  A frilled lizard (D:3)
  3 goblins
  A kobold (D:1)
  A rat (D:3)
19 creatures vanquished.

Notes
Turn   | Place    | Note
-------+----------+-------------------------------------------
     0 | D:1      | Muataran the Hill Orc Fighter began the quest for the Orb.
     0 | D:1      | Reached XP level 1. HP: 19/19 MP: 1/1
   109 | D:1      | Reached XP level 2. HP: 21/27 MP: 2/2
   589 | D:3      | Noticed Natasha
   591 | D:3      | Noticed a crimson imp
   596 | D:3      | HP: 1/27 [Natasha (4)]
   600 | D:3      | Killed Natasha
   601 | D:3      | Reached skill level 4 in Fighting
   601 | D:3      | Reached XP level 3. HP: 3/33 MP: 3/3
   900 | D:3      | Noticed Ijyb
   913 | D:3      | Slain by Ijyb

Illustrated notes

Levels and vault maps discovered:
D:1:      dpeg_arrival_signposts, layout_basic
D:2:      layout_basic
D:3:      layout_loops_ring, uniq_ijyb, uniq_natasha, uniq_crazy_yiuf_cottage

Skill      XL: |  1  2 |
---------------+-------+-----
Axes           | 3 |  3.7
Fighting       | 4 |  4.0
Armour         | |  3.6
Shields        | |  3.9

Action                   || total
-------------------------++-------
Melee: War axe           ||    57
Armor: Scale mail        ||    19
Dodge: Dodged            ||    30
Block: Buckler           ||     8

Table legend: (Time is in decaauts)
 A = Elapsed time spent in this place.
 B = Non-inter-level travel time spent in this place.
 C = Inter-level travel time spent in this place.
 D = Time resting spent in this place.
 E = Time spent auto-exploring this place.
 F = Levels seen in this place.
 G = Mean time per level.
                   A        B        C        D        E       F      G
               +--------+--------+--------+--------+--------+-----+--------+
         Total |    933 |    913 |     20 |    130 |    613 |   3 |  311.0 |
       Dungeon |    933 |    913 |     20 |    130 |    613 |   3 |  311.0 |
               +--------+--------+--------+--------+--------+-----+--------+

Top non-repeatable levels by time:
     D:1: 455 daAuts
     D:3: 389 daAuts
     D:2: 88 daAuts
